AoeStats
← jucca187

Nomad

507771561Analyzed
2v2 RM · 14d ago on Sep 19, 2026· 60m 31s· 4 players
Game mode
Random Map
Map size
176×176
Population
200
Speed
Normal
Resources
Standard
Victory
Conquest
Starting age
Dark Age
Ending age
Imperial Age
RankedLock teamsTeams togetherTeam positionsShared explorationLock speedFull tech treeHidden civsTurbo modeCheats
Victory
Defeat
🇩🇪 Vikings · Germany
865
+15
🇩🇪 Dravidians · Germany
840
+16
🇫🇮 Britons · Finland
877
-17
🇺🇦 Slavs · Ukraine
815
-14
Benninator
12:14 Loom
14:02 Feudal Age
14:34 Double-Bit Axe
16:58 Loom
19:37 Castle Age
17:54 Fishing Lines
19:10 Fletching
19:21 Padded Archer Armor
21:48 Bow Saw
22:02 Horse Collar
23:50 Gillnets
25:34 Gold Mining
27:22 Medium Warships
28:34 Thumb Ring
28:28 Bodkin Arrow
28:49 Leather Archer Armor
30:56 Wheelbarrow
30:07 Town Watch
31:57 Heavy Plow
35:00 Ballistics
34:42 Murder Holes
36:25 Careening
36:26 Clinker Construction
37:09 Elite Skirmisher
44:48 Imperial Age
44:02 Medical Corps
45:13 Stone Mining
44:55 Siege Elephant
45:01 Elite Elephant Archer
47:44 Ring Archer Armor
47:15 Bracer
52:11 Conscription
53:26 Conscription
55:17 Chemistry
54:04 Arrowslits
osmanaktas6858
4:55 Loom
14:19 Feudal Age
15:15 Double-Bit Axe
23:07 Castle Age
24:09 Bow Saw
32:47 Imperial Age
33:52 Crossbowman
35:49 Capped Ram
36:26 Fletching
36:37 Padded Archer Armor
37:07 Ballistics
40:55 Arbalester
41:38 Bodkin Arrow
41:59 Leather Archer Armor
42:02 Elite Skirmisher
46:25 Chemistry
45:21 Murder Holes
45:07 Treadmill Crane
45:38 Masonry
45:37 Bracer
45:49 Scale Mail Armor
47:52 Onager
50:06 Bogsveigar
50:09 Chieftains
51:24 Ring Archer Armor
55:04 Elite Berserk
56:48 Chain Mail Armor
56:45 Forging
57:03 Squires
56:48 Gambesons
56:50 Arson
57:18 Horse Collar
57:26 Town Watch
59:01 Two-Man Saw
58:12 Scale Barding Armor
60:28 Conscription
59:38 Sappers
60:16 Town Patrol
60:51 Plate Mail Armor
60:58 Iron Casting
60:44 Chain Barding Armor
61:23 Architecture
60:59 Siege Engineers
60:47 Guard Tower
60:44 Arrowslits
jucca187
18:38 Feudal Age
21:19 Fishing Lines
25:51 Castle Age
23:51 Gold Mining
23:53 Stone Mining
23:51 Double-Bit Axe
23:50 Horse Collar
25:44 Wheelbarrow
26:14 Fletching
26:24 Padded Archer Armor
26:56 Heavy Plow
27:08 Bow Saw
26:55 Gillnets
27:07 Bodkin Arrow
28:19 Squires
29:49 Loom
30:29 Hand Cart
31:08 Yeomen
31:11 Ballistics
31:36 Leather Archer Armor
38:32 Imperial Age
40:29 Chemistry
39:33 Bracer
39:58 Conscription
40:30 Elite Longbowman
44:26 Ring Archer Armor
52:38 Man-at-Arms
52:46 Pikeman
53:15 Halberdier
53:59 Scale Mail Armor
54:10 Forging
d_j_D_F
4:07 Loom
17:04 Feudal Age
17:42 Horse Collar
17:48 Double-Bit Axe
17:53 Town Watch
20:23 Fishing Lines
23:21 Castle Age
21:27 Gold Mining
21:33 Stone Mining
23:56 Wheelbarrow
24:01 Gillnets
24:30 Medium Warships
24:27 Squires
24:58 Bow Saw
24:55 Heavy Plow
26:19 Fletching
26:49 Hand Cart
27:59 Forging
29:12 Scale Mail Armor
32:25 Town Patrol
32:50 Masonry
32:36 Murder Holes
32:51 Fortified Wall
32:54 Gold Mining
33:03 Pikeman
37:07 Clinker Construction
37:08 Careening
36:57 Bodkin Arrow
37:55 Ballistics
39:44 Iron Casting
39:25 Chain Mail Armor
39:28 Husbandry
39:50 Bloodlines
40:39 Gold Shaft Mining
43:58 Imperial Age
41:45 Detinets
43:46 Scale Barding Armor
43:04 Light Cavalry
45:15 Hoardings
45:04 Conscription
45:14 Carvel Hull
44:50 Capped Ram
46:13 Heavy Warships
46:41 Siege Ram
46:49 Heavy Scorpion
50:42 Chain Barding Armor
52:45 Chemistry
53:19 Siege Engineers
56:07 Blast Furnace
56:47 Hussar
Connection lost

Rejoining the realm…

Still unreachable

The connection could not be restored.

Session expired

The server has moved on; the page needs a fresh start.